 Dungeon Crawl Stone Soup version 0.25.0-26-g0c896c7088 (webtiles) character file.

Game seed: 11946325722317877962

1161 lepoulpe303 the Sneak (level 8, 0/39 HPs)
             Began as a Spriggan Enchanter on July 1, 2020.
             Slain by Pikel
             ... wielding a +1 whip of electrocution
              (20 damage)
             ... on level 5 of the Dungeon on July 2, 2020.
             The game lasted 00:26:00 (6360 turns).

lepoulpe303 the Sneak (Spriggan Enchanter)          Turns: 6360, Time: 00:26:00

Health: 0/39       AC:  6    Str:  4    XL:     8   Next: 16%
Magic:  14/17      EV: 21    Int: 19    God:
Gold:   285        SH:  5    Dex: 16    Spells: 6/18 levels left

rFire    . . .     SeeInvis +   a - +2 dagger (venom)
rCold    + . .     Gourm    .   (shield restricted)
rNeg     . . .     Faith    .   q - +0 robe
rPois    .         Spirit   .   (helmet restricted)
rElec    .         Reflect  +   (no cloak)
rCorr    .         Harm     .   (gloves unavailable)
MR       +....                  (boots unavailable)
Stlth    +++.......             f - amulet of reflection
HPRegen  0.13/turn              h - +4 ring of protection
MPRegen  0.15/turn              I - ring of protection from cold

@: very quick
A: very small, unfitting armour, see invisible, herbivore, speed 3, slow
metabolism 2
a: no special abilities


You were on level 5 of the Dungeon.
You were not hungry.

You visited 1 branch of the dungeon, and saw 6 of its levels.

You collected 285 gold pieces.

Inventory:

Hand Weapons
 a - a +2 dagger of venom (weapon)
 b - a +0 rapier of draining
Missiles
 m - 25 poisoned darts (quivered)
Armour
 q - a +0 robe (worn)
Jewellery
 f - an amulet of reflection (around neck)
 h - a +4 ring of protection (left hand)
 k - a +4 ring of protection
 I - a ring of protection from cold (right hand)
Wands
 l - a wand of iceblast (6)
Scrolls
 d - 2 scrolls of enchant armour {unknown}
 i - 4 scrolls of identify
 r - a scroll of blinking {unknown}
 s - 2 scrolls of fog {unknown}
 t - 3 scrolls of teleportation
 w - 4 scrolls of remove curse
Potions
 c - 2 potions of magic {unknown}
 g - a potion of heal wounds {unknown}
 j - 5 potions of curing {unknown}
 n - 2 potions of flight {unknown}
 o - 2 potions of ambrosia {unknown}
 p - a potion of stabbing {unknown}
Comestibles
 e - 4 rations


   Skills:
 + Level 2.4 Fighting
 * Level 5.0 Short Blades
 + Level 5.3 Dodging
 + Level 6.7 Stealth
 * Level 5.9 Spellcasting
 * Level 6.6 Hexes


You had 6 spell levels left.
You knew the following spells:

 Your Spells              Type           Power        Failure   Level  Hunger
a - Ensorcelled Hibernat  Hex/Ice        ###...       4%          2    None
b - Dazzling Flash        Conj/Hex       ###...       9%          3    ##.....
c - Confusing Touch       Hex            ####....     2%          3    ##.....
d - Tukima's Dance        Hex            ####....     2%          3    ##.....
v - Corona                Hex            ####...      1%          1    None

Your spell library contained the following spells:

 Spells                   Type           Power        Failure   Level  Hunger


Dungeon Overview and Level Annotations

Branches:
Dungeon (6/15)
 Temple: D:4-7

Altars:
Cheibriados
Nemelex Xobeh
Ru

Annotations:
D:5 Pikel
D:6 Edmund


Innate Abilities, Weirdness & Mutations

You are very small and have problems with some larger weapons.
You are too small for most types of armour.
You have supernaturally acute eyesight. (SInv)
You are a herbivore.
You cover ground extremely quickly.
You need to consume almost no food.


Message History

Things that are here:
a +0 falchion; a +0 leather armour The slave shouts!
Things that are here:
a +0 dagger; a +0 robe; an orc corpse Edmund the Younger comes into view.
He is wielding a +0 flail of holy wrath.
MP restored: 17
There is a stone staircase leading up here.
You closely miss the adder. The adder barely misses you.
You hit the adder. The adder misses you. You block the adder's attack.
Pikel closely misses you. The adder barely misses you.
You climb upwards.
There is a stone staircase leading down here.
The adder is dazzled.
Pikel hits you with a +1 whip of electrocution.
* * * LOW HITPOINT WARNING * * *
You are electrocuted!!
Ouch! That really hurt!
You die...

#......##.# #.# #.#
######.##.####.# #.#
#.##.##<#.###.##
##############.##.#.#........
#.......)...)..##..........##
#.##########.....###.##.####
#.# ###...#.# #.##.# #.#
##.K...#.# #....# #.#
###<#S@..#.###..### #.#
#..###..........#######
#.#####.#.#....#####.........
#.......##.##.## #..######.
#.########.##.# #..# #.
#.............# ##..# #.
#.########.#### #...# #.
#...# #.##### #...# #. ###.#
#.#...## #...# #.


You could see Pikel and an adder (blind).

Levels and vault maps discovered:
D:1:      dpeg_arrival_pits, layout_rooms
D:2:      layout_basic, grunt_temple_overflow_diamond, first_ration,
          serial_bayou_lake_a
D:3:      layout_rooms, hangedman_decor_points
D:4:      layout_cave_pods, uniq_blork_the_orc, uniq_eustachio, uniq_grinder
D:5:      layout_loops_ring, cheibrodos_worm_habitat
D:6:      layout_cave_pools, basic_altar, uniq_edmund, uniq_pikel, uniq_menkaure

Notes
Turn   | Place    | Note
-------+----------+-------------------------------------------
     0 | D:1      | lepoulpe303 the Spriggan Enchanter began the quest for the
                  | Orb.
     0 | D:1      | Reached XP level 1. HP: 9/9 MP: 5/5
    32 | D:1      | Identified a +0 club
    34 | D:1      | Identified a +0 club
   276 | D:1      | Reached XP level 2. HP: 13/13 MP: 6/6
   280 | D:1      | Learned a level 2 spell: Ensorcelled Hibernation
   317 | D:1      | HP: 3/13 [kobold (1)]
   569 | D:1      | Identified a +0 ring mail
   606 | D:1      | HP: 2/13 [hobgoblin (5)]
   856 | D:1      | Identified a +0 mace
   910 | D:1      | Reached skill level 3 in Spellcasting
  1045 | D:1      | Identified a +0 short sword
  1071 | D:1      | Reached skill level 4 in Hexes
  1243 | D:1      | Identified a +0 dagger
  1248 | D:1      | Identified a +0 club
  1251 | D:1      | Identified a +0 club
  1255 | D:1      | Identified a +0 dagger
  1284 | D:1      | Identified a +2 dagger of venom
  1314 | D:1      | Reached XP level 3. HP: 11/17 MP: 5/8
  1319 | D:1      | Learned a level 3 spell: Confusing Touch
  2128 | D:2      | Reached skill level 2 in Short Blades
  2157 | D:2      | Identified 2 scrolls of remove curse
  2158 | D:2      | Identified a ring of protection (You found it on level 2 of
                  | the Dungeon)
  2159 | D:2      | Identified a ring of attention (You found it on level 1 of
                  | the Dungeon)
  2196 | D:2      | Identified 2 scrolls of teleportation
  2197 | D:2      | Identified 2 scrolls of identify
  2197 | D:2      | Identified an amulet of reflection (You found it on level 2
                  | of the Dungeon)
  2208 | D:2      | Identified a +0 club
  2274 | D:2      | Found a sacrificial altar of Ru.
  2277 | D:2      | Found a snail-covered altar of Cheibriados.
  2280 | D:2      | Found a sparkling altar of Nemelex Xobeh.
  2358 | D:2      | Identified a +0 club
  2499 | D:2      | Identified a +0 dagger of venom
  2580 | D:2      | Identified a scroll of immolation
  2581 | D:2      | Identified a scroll of noise
  2590 | D:3      | Identified a +0 club
  2624 | D:3      | Identified a +0 club
  2641 | D:3      | Reached XP level 4. HP: 18/21 MP: 9/9
  2649 | D:3      | Learned a level 3 spell: Tukima's Dance
  2779 | D:3      | Identified a +0 club
  2818 | D:3      | Reached skill level 5 in Stealth
  2852 | D:3      | Identified a +0 flail
  2854 | D:3      | Identified a +0 club
  2854 | D:3      | Identified a +0 dagger
  2873 | D:3      | Reached skill level 1 in Fighting
  3109 | D:3      | Identified a +0 whip
  3339 | D:4      | Identified a +0 glaive
  3339 | D:4      | Identified a +0 robe
  3339 | D:4      | Noticed Blork the orc
  3339 | D:4      | Identified a +0 rapier
  3339 | D:4      | Identified a +0 leather armour
  3339 | D:4      | Noticed Eustachio
  3339 | D:4      | Identified a +0 short sword
  3340 | D:4      | Identified a +0 short sword
  3340 | D:4      | Identified a +0 ring mail
  3342 | D:4      | Identified a +2 hand axe of electrocution
  3342 | D:4      | Identified a +0 ring mail
  3344 | D:4      | Identified a +0 dagger
  3344 | D:4      | Identified a +0 leather armour
  3345 | D:4      | Identified a +0 falchion
  3356 | D:3      | HP: 5/22 [orc/+0 short sword (2)]
  3911 | D:3      | Killed Eustachio
  3911 | D:3      | Reached skill level 3 in Short Blades
  3911 | D:3      | Reached skill level 4 in Dodging
  3911 | D:3      | Reached skill level 4 in Spellcasting
  3911 | D:3      | Reached XP level 5. HP: 22/25 MP: 8/12
  3951 | D:4      | Killed Blork the orc
  3951 | D:4      | Reached skill level 5 in Hexes
  3951 | D:4      | Reached XP level 6. HP: 30/30 MP: 8/13
  4181 | D:4      | Identified a +0 giant club
  4212 | D:4      | Noticed Grinder
  4255 | D:4      | Killed Grinder
  4255 | D:4      | Reached skill level 4 in Short Blades
  4255 | D:4      | Reached skill level 6 in Stealth
  4255 | D:4      | Reached skill level 5 in Spellcasting
  4255 | D:4      | Reached XP level 7. HP: 34/34 MP: 11/15
  4586 | D:4      | Reached skill level 2 in Fighting
  4776 | D:4      | Identified a +2 flail of protection
  4776 | D:4      | Identified a +0 whip
  4777 | D:4      | Identified a +0 hand axe
  4797 | D:4      | Reached skill level 6 in Hexes
  5039 | D:5      | Entered Level 5 of the Dungeon
  5044 | D:5      | Learned a level 3 spell: Dazzling Flash
  5259 | D:5      | Reached skill level 5 in Dodging
  5279 | D:5      | Found a snail-covered altar of Cheibriados.
  5341 | D:5      | Identified a +0 hand axe
  5346 | D:5      | Identified a ring of protection from cold (You found it on
                  | level 4 of the Dungeon)
  5547 | D:5      | Identified a +0 shortbow
  5833 | D:5      | Identified a +0 rapier of draining (You found it on level 5
                  | of the Dungeon)
  6202 | D:6      | Identified a +0 scimitar
  6202 | D:6      | Identified a +0 plate armour
  6203 | D:6      | Identified a +0 falchion
  6203 | D:6      | Identified a +0 leather armour
  6215 | D:6      | Identified a +0 dagger
  6215 | D:6      | Identified a +0 robe
  6242 | D:6      | Reached XP level 8. HP: 39/39 MP: 17/17
  6288 | D:6      | Reached skill level 5 in Short Blades
  6300 | D:6      | Identified a +1 whip of electrocution
  6300 | D:6      | Identified a +0 robe
  6300 | D:6      | Noticed Pikel
  6336 | D:6      | Identified a +0 flail of holy wrath
  6336 | D:6      | Identified a +0 scale mail
  6336 | D:6      | Noticed Edmund
  6360 | D:5      | Slain by Pikel

Table legend:
 A = Turns spent in this place as a percentage of turns spent in the entire game.
 B = Non-inter-level travel turns spent in this place as a percentage of non-inter-level travel turns spent in the entire game.
 C = Inter-level travel turns spent in this place as a percentage of turns spent in this place.
 D = Turns resting spent in this place as a percentage of non-inter-level travel turns spent in this place.
 E = Turns spent auto-exploring this place as a percentage of non-inter-level travel turns spent in this place.
 F = Non-inter-level travel turns spent in this place divided by the number of levels of this place that you've seen.
                   A       B       C       D       E      F
               +-------+-------+-------+-------+-------+----------------------
         Total | 100.0 | 100.0 |   2.0 |  35.2 |  38.2 | 1039.2
       Dungeon | 100.0 | 100.0 |   2.0 |  35.2 |  38.2 | 1039.2
               +-------+-------+-------+-------+-------+----------------------

Table legend:
 A = Kills in this place as a percentage of kills in entire the game.
 B = Kills by you in this place as a percentage of kills by you in the entire game.
 C = Kills by friends in this place as a percentage of kills by friends in the entire game.
 D = Other kills in this place as a percentage of other kills in the entire game.
 E = Experience gained in this place as a percentage of experience gained in the entire game.
 F = Experience gained in this place divided by the number of levels of this place that you have seen.
                   A       B       C       D       E      F
               +-------+-------+-------+-------+-------+----------------------
         Total | 100.0 | 100.0 |   N/A |   N/A | 100.0 | 276.5
       Dungeon | 100.0 | 100.0 |   N/A |   N/A | 100.0 | 276.5
               +-------+-------+-------+-------+-------+----------------------

Skill      XL: |  1  2  3  4  5  6  7  8 |
---------------+-------------------------+-----
Spellcasting   | 3 4 5 |  5.9
Hexes          | 4 5 6 |  6.6
Short Blades   | 2 3 4 5 |  5.0
Stealth        | 5 6 |  6.7
Fighting       | 1 2 |  2.4
Dodging        | 4 5 |  5.3

Action                   |  1- 3 |  4- 6 |  7- 9 || total
-------------------------+-------+-------+-------++-------
Melee: Dagger            |   186 |   108 |   100 ||   394
       Rapier            |       |       |    69 ||    69
Throw: Dart              |       |     3 |    10 ||    13
 Cast: Ensorcelled Hiber |     2 |     7 |     7 ||    16
       Confusing Touch   |       |     1 |       ||     1
       Dazzling Flash    |       |       |     2 ||     2
  Use: Scroll            |     6 |       |       ||     6
 Stab: Sleeping          |     5 |     3 |    11 ||    19
       Confused          |       |     2 |       ||     2
       Distracted        |       |       |     1 ||     1
  Eat: Ration            |       |     1 |     1 ||     2
Armor: Robe              |    22 |    18 |    17 ||    57
Dodge: Dodged            |   177 |   115 |    87 ||   379
Block: Other             |     1 |    21 |    19 ||    41

Vanquished Creatures
  Grinder (D:4)
  Eustachio (D:3)
  An orc warrior (D:6)
  A slave (D:6)
  An ogre (D:4)
  A centaur (D:5)
  Blork the orc (D:4)
  2 howler monkeys
  A crimson imp (D:5)
  An orc priest (D:4)
  A jelly (D:5)
  An orc wizard (D:6)
  A centaur skeleton (D:4)
  6 worker ants
  A worker ant zombie (D:5)
  4 adders
  An ooze (D:3)
  3 dart slugs
  3 worms
  5 leopard geckos
  13 orcs
  5 ball pythons
  A giant cockroach (D:1)
  9 hobgoblins
  5 jackals
  8 bats
  5 frilled lizards
  7 goblins
  6 kobolds
  A leopard gecko skeleton (D:5)
  A leopard gecko zombie (D:6)
  5 rats
103 creatures vanquished.
